TOP OF THE 1ST |
Calgary Flames batting - Pitching for Miami Beach Marlins : LHP David Zuniga
|
Pitching: LHP David Zuniga
|
|
Batting: RHB Alex Collazo
|
0-0: Ball 1-0: Swinging Strike 1-1: Ball 2-1: Foul Ball, location: 2F 2-2: Ground out 5-3 (Groundball, 56S, EV 84.4 MPH)
|
Batting: RHB Yuusei Narita
|
0-0: Called Strike 0-1: Ball 1-1: Ground out 6-3 (Groundball, 6MD, EV 101.2 MPH)
|
Batting: RHB Kevin Davis
|
0-0: Swinging Strike 0-1: Ball 1-1: Ball 2-1: Ground out 6-3 (Groundball, 6, EV 89.4 MPH)
|
Top of the 1st over - 0 runs, 0 hits, 0 errors, 0 left on base; Calgary 0 - Miami Beach 0 |
BOTTOM OF THE 1ST |
Miami Beach Marlins batting - Pitching for Calgary Flames : RHP Mason Broderick
|
Pitching: RHP Mason Broderick
|
|
Batting: RHB Rafael Irizarry
|
0-0: Called Strike 0-1: Ball 1-1: Foul Ball, location: 2F 1-2: Ball 2-2: Ball 3-2: Foul Ball, location: 2F 3-2: Strikes out swinging, 2-3 out at first.
|
Batting: RHB Jordan Arcidez
|
0-0: Foul Ball, location: 2F 0-1: Fly out, F8 (Flyball, 8LM, EV 90.0 MPH)
|
Batting: RHB Scott Talbot
|
0-0: Called Strike 0-1: Ball 1-1: Ball 2-1: Foul Ball, location: 2F 2-2: Ball 3-2: Strikes out swinging
|
Bottom of the 1st over - 0 runs, 0 hits, 0 errors, 0 left on base; Calgary 0 - Miami Beach 0 |
TOP OF THE 2ND |
Calgary Flames batting - Pitching for Miami Beach Marlins : LHP David Zuniga
|
Batting: RHB Mike MacLeod
|
0-0: Ball 1-0: Foul Ball, location: 2F 1-1: Foul Ball, location: 2F 1-2: Ball 2-2: Foul Ball, location: 2F 2-2: Strikes out swinging
|
Batting: RHB Victor Contreras
|
0-0: Ball 1-0: Called Strike 1-1: Swinging Strike 1-2: Strikes out looking
|
Batting: SHB Shawnie Codbucket
|
0-0: Foul Ball, location: 2F 0-1: Swinging Strike 0-2: Strikes out swinging
|
Top of the 2nd over - 0 runs, 0 hits, 0 errors, 0 left on base; Calgary 0 - Miami Beach 0 |
BOTTOM OF THE 2ND |
Miami Beach Marlins batting - Pitching for Calgary Flames : RHP Mason Broderick
|
Batting: RHB Reomel Somera
|
0-0: Called Strike 0-1: Ball 1-1: SOLO HOME RUN (Flyball, 7D, EV 102.5 MPH), Distance : 396 ft
|
Batting: RHB Alberto Bravo
|
0-0: Ball 1-0: Foul Ball, location: 2F 1-1: Ball 2-1: Foul Ball, location: 2F 2-2: Strikes out swinging
|
Batting: RHB David Martin
|
0-0: Called Strike 0-1: Swinging Strike 0-2: Ball 1-2: Strikes out swinging
|
Batting: RHB Clark Meagher
|
0-0: Ball 1-0: Called Strike 1-1: Ball 2-1: Foul Ball, location: 2F 2-2: Strikes out swinging
|
Bottom of the 2nd over - 1 run, 1 hit, 0 errors, 0 left on base; Calgary 0 - Miami Beach 1 |
TOP OF THE 3RD |
Calgary Flames batting - Pitching for Miami Beach Marlins : LHP David Zuniga
|
Batting: SHB Erick Hamburger
|
0-0: Ball 1-0: Called Strike 1-1: Swinging Strike 1-2: Strikes out swinging
|
Batting: RHB Antonio Martinez
|
0-0: Ground out 6-3 (Groundball, 6, EV 90.0 MPH)
|
Batting: RHB Hugo Montemayor
|
0-0: Ball 1-0: Foul Ball, location: 2F 1-1: Foul Ball, location: 2F 1-2: Foul Ball, location: 2F 1-2: Ball 2-2: Strikes out swinging
|
Top of the 3rd over - 0 runs, 0 hits, 0 errors, 0 left on base; Calgary 0 - Miami Beach 1 |
BOTTOM OF THE 3RD |
Miami Beach Marlins batting - Pitching for Calgary Flames : RHP Mason Broderick
|
Batting: RHB Manny Gonzalez
|
0-0: Ball 1-0: Ground out 6-3 (Groundball, 6, EV 80.0 MPH)
|
Batting: RHB Melvin Nava
|
0-0: Ball 1-0: Called Strike 1-1: Foul Ball, location: 2F 1-2: Ball 2-2: Strikes out swinging
|
Batting: RHB Rafael Irizarry
|
0-0: Foul Ball, location: 2F 0-1: Foul Ball, location: 2F 0-2: Foul Ball, location: 2F 0-2: Ball 1-2: Strikes out swinging
|
Bottom of the 3rd over - 0 runs, 0 hits, 0 errors, 0 left on base; Calgary 0 - Miami Beach 1 |
TOP OF THE 4TH |
Calgary Flames batting - Pitching for Miami Beach Marlins : LHP David Zuniga
|
Batting: RHB Alex Collazo
|
0-0: Ball 1-0: Ball 2-0: Foul Ball, location: 2F 2-1: Foul Ball, location: 2F 2-2: Strikes out swinging
|
Batting: RHB Yuusei Narita
|
0-0: Ball 1-0: Foul Ball, location: 2F 1-1: Called Strike 1-2: Strikes out swinging
|
Batting: RHB Kevin Davis
|
0-0: Ball 1-0: Ball 2-0: Foul Ball, location: 2F 2-1: Called Strike 2-2: Ball 3-2: Foul Ball, location: 2F 3-2: SINGLE (Line Drive, 4D, EV 93.8 MPH)
|
Batting: RHB Mike MacLeod
|
0-0: Ball 1-0: Swinging Strike 1-1: Foul Ball, location: 2F 1-2: Strikes out swinging, 2-3 out at first.
|
Top of the 4th over - 0 runs, 1 hit, 0 errors, 1 left on base; Calgary 0 - Miami Beach 1 |
BOTTOM OF THE 4TH |
Miami Beach Marlins batting - Pitching for Calgary Flames : RHP Mason Broderick
|
Batting: RHB Jordan Arcidez
|
0-0: Called Strike 0-1: Ball 1-1: Foul Ball, location: 2F 1-2: DOUBLE (Line Drive, 78D, EV 111.9 MPH)
|
Batting: RHB Scott Talbot
|
0-0: Ball 1-0: Ball 2-0: Ball 3-0: Called Strike 3-1: Base on Balls
|
Batting: RHB Reomel Somera
|
0-0: Ball 1-0: Ball 2-0: Foul Ball, location: 2F 2-1: Swinging Strike 2-2: Hit by Pitch Jordan Arcidez to third Scott Talbot to second
|
Batting: RHB Alberto Bravo
|
0-0: Foul Ball, location: 2F 0-1: Ball 1-1: Swinging Strike 1-2: Foul Ball, location: 2F 1-2: Fly out, F6 (Line Drive, 6M, EV 66.9 MPH) Lined into DP, U6 (Line Drive, 6M, EV 74.4 MPH)
|
Batting: RHB David Martin
|
0-0: Ball 1-0: Foul Ball, location: 2F 1-1: Foul Ball, location: 2F 1-2: Fly out, F8 (Flyball, 8RXD, EV 86.2 MPH)
|
Bottom of the 4th over - 0 runs, 1 hit, 0 errors, 2 left on base; Calgary 0 - Miami Beach 1 |
TOP OF THE 5TH |
Calgary Flames batting - Pitching for Miami Beach Marlins : LHP David Zuniga
|
Batting: RHB Victor Contreras
|
0-0: Ball 1-0: Ball 2-0: Ball 3-0: Base on Balls
|
Batting: SHB Shawnie Codbucket
|
0-0: Called Strike 0-1: Ball 1-1: Called Strike 1-2: Ball 2-2: Ball 3-2: Foul Ball, location: 2F 3-2: Strikes out swinging
|
Batting: SHB Erick Hamburger
|
0-0: SINGLE (Flyball, 34D, EV 84.4 MPH) Victor Contreras to second
|
Batting: RHB Antonio Martinez
|
0-0: Ball 1-0: Foul Ball, location: 2F 1-1: Ball 2-1: Called Strike 2-2: Foul Ball, location: 2F 2-2: Ball 3-2: Strikes out swinging
|
Batting: RHB Hugo Montemayor
|
0-0: Called Strike 0-1: Foul Ball, location: 2F 0-2: Foul Ball, location: 2F 0-2: Ground out 5-3 (Groundball, 56S, EV 68.1 MPH)
|
Top of the 5th over - 0 runs, 1 hit, 0 errors, 2 left on base; Calgary 0 - Miami Beach 1 |
BOTTOM OF THE 5TH |
Miami Beach Marlins batting - Pitching for Calgary Flames : RHP Mason Broderick
|
Batting: RHB Clark Meagher
|
0-0: Called Strike 0-1: Ball 1-1: SOLO HOME RUN (Flyball, 78XD, EV 116.2 MPH), Distance : 440 ft
|
Batting: RHB Manny Gonzalez
|
0-0: Ball 1-0: Foul Ball, location: 2F 1-1: Foul Ball, location: 2F 1-2: Ground out U3 (Groundball, 34S, EV 78.8 MPH)
|
Batting: RHB Melvin Nava
|
0-0: Called Strike 0-1: Foul Ball, location: 2F 0-2: Ball 1-2: Strikes out looking
|
Batting: RHB Rafael Irizarry
|
0-0: Bunted foul 0-1: Ball 1-1: Ball 2-1: Ball 3-1: Foul Ball, location: 2F 3-2: Strikes out swinging
|
Bottom of the 5th over - 1 run, 1 hit, 0 errors, 0 left on base; Calgary 0 - Miami Beach 2 |
TOP OF THE 6TH |
Calgary Flames batting - Pitching for Miami Beach Marlins : LHP David Zuniga
|
Batting: RHB Alex Collazo
|
0-0: Ball 1-0: Called Strike 1-1: Swinging Strike 1-2: Ball 2-2: Ball 3-2: Base on Balls
|
Batting: RHB Yuusei Narita
|
0-0: Fielders Choice at 2nd, 1-6 (Groundball, 34S, EV 71.2 MPH)
|
Batting: RHB Kevin Davis
|
0-0: SINGLE (Groundball, 6MD, EV 100.6 MPH) Yuusei Narita to second
|
Batting: RHB Mike MacLeod
|
0-0: Called Strike 0-1: Ball 1-1: Fly out, F9 (Flyball, 89D, EV 98.1 MPH)
|
Batting: RHB Victor Contreras
|
0-0: Ball 1-0: Called Strike 1-1: Ball 2-1: Ball 3-1: Base on Balls Yuusei Narita to third Kevin Davis to second
|
Batting: SHB Shawnie Codbucket
|
0-0: Ball 1-0: Ball 2-0: Called Strike 2-1: Foul Ball, location: 2F 2-2: Foul Ball, location: 2F 2-2: Fly out, F8 (Flyball, 89M, EV 80.6 MPH)
|
Top of the 6th over - 0 runs, 1 hit, 0 errors, 3 left on base; Calgary 0 - Miami Beach 2 |
BOTTOM OF THE 6TH |
Miami Beach Marlins batting - Pitching for Calgary Flames : RHP Mason Broderick
|
Batting: RHB Jordan Arcidez
|
0-0: Foul Ball, location: 2F 0-1: Ball 1-1: Called Strike 1-2: Foul Ball, location: 2F 1-2: Ball 2-2: Ball 3-2: Ground out 5-3 (Groundball, 56, EV 84.4 MPH)
|
Pitching: RHP Russell MacKay
|
|
Batting: RHB Scott Talbot
|
0-0: Called Strike 0-1: Ball 1-1: Swinging Strike 1-2: Strikes out looking
|
Batting: RHB Reomel Somera
|
0-0: Called Strike 0-1: Swinging Strike 0-2: Ball 1-2: Foul Ball, location: 2F 1-2: Foul Ball, location: 2F 1-2: Strikes out swinging
|
Bottom of the 6th over - 0 runs, 0 hits, 0 errors, 0 left on base; Calgary 0 - Miami Beach 2 |
TOP OF THE 7TH |
Calgary Flames batting - Pitching for Miami Beach Marlins : LHP David Zuniga
|
Batting: SHB Erick Hamburger
|
0-0: Fly out, F8 (Flyball, 89M, EV 86.9 MPH)
|
Batting: RHB Antonio Martinez
|
0-0: Ball 1-0: Foul Ball, location: 2F 1-1: Ball 2-1: Called Strike 2-2: Ball 3-2: Foul Ball, location: 2F 3-2: Strikes out swinging
|
Batting: RHB Hugo Montemayor
|
0-0: Swinging Strike 0-1: Called Strike 0-2: Ball 1-2: Strikes out swinging
|
Top of the 7th over - 0 runs, 0 hits, 0 errors, 0 left on base; Calgary 0 - Miami Beach 2 |
BOTTOM OF THE 7TH |
Miami Beach Marlins batting - Pitching for Calgary Flames : RHP Russell MacKay
|
Batting: RHB Alberto Bravo
|
0-0: Foul Ball, location: 2F 0-1: Ball 1-1: Ball 2-1: SINGLE (Flyball, 78S, EV 96.9 MPH)
|
Batting: RHB David Martin
|
0-0: Called Strike 0-1: Ball 1-1: Swinging Strike 1-2: Strikes out swinging
|
Batting: RHB Clark Meagher
|
0-0: Ball 1-0: Called Strike 1-1: Foul Ball, location: 2F 1-2: Fly out, F8 (Flyball, 8RD, EV 87.5 MPH)
|
Batting: RHB Manny Gonzalez
|
0-0: 2-RUN HOME RUN (Flyball, 7LD, EV 95.0 MPH), Distance : 363 ft
|
Batting: RHB Melvin Nava
|
0-0: Ball 1-0: Ball 2-0: SINGLE (Line Drive, 8LS, EV 110.6 MPH)
|
Batting: RHB Rafael Irizarry
|
0-0: Called Strike 0-1: Foul Ball, location: 2F 0-2: Foul Ball, location: 2F 0-2: Foul Ball, location: 2F 0-2: Strikes out swinging
|
Bottom of the 7th over - 2 runs, 3 hits, 0 errors, 1 left on base; Calgary 0 - Miami Beach 4 |
TOP OF THE 8TH |
Calgary Flames batting - Pitching for Miami Beach Marlins : LHP David Zuniga
|
Pitching: RHP Jamie Rappoport
|
|
Batting: RHB Alex Collazo
|
0-0: Ball 1-0: Foul Ball, location: 2F 1-1: Called Strike 1-2: Fly out, F9 (Flyball, 9, EV 90.0 MPH)
|
Batting: RHB Yuusei Narita
|
0-0: Called Strike 0-1: Ball 1-1: TRIPLE (Flyball, 8LXD, EV 101.2 MPH)
|
Batting: RHB Kevin Davis
|
0-0: Called Strike 0-1: Ball 1-1: Foul Ball, location: 2F 1-2: Foul Ball, location: 2F 1-2: Ball 2-2: Ball 3-2: Base on Balls
|
Batting: RHB Mike MacLeod
|
0-0: Ball 1-0: Ball 2-0: Foul Ball, location: 2F 2-1: Foul Ball, location: 2F 2-2: Foul Ball, location: 2F 2-2: Reached on error, E1 (Groundball, 34S, EV 67.5 MPH) Yuusei Narita scores Kevin Davis to second
|
Batting: RHB Victor Contreras
|
0-0: Ball 1-0: Ball 2-0: Fielders Choice at 2nd, 4-6 (Groundball, 4, EV 102.5 MPH) Kevin Davis to third
|
Batting: SHB Shawnie Codbucket
|
0-0: Ball 1-0: Ball 2-0: Called Strike 2-1: Ball 3-1: SINGLE (Groundball, 4MD, EV 102.5 MPH) Kevin Davis scores Victor Contreras to second Runner from 2nd tries for 3rd, OUT! 8-5
|
Top of the 8th over - 2 runs, 2 hits, 1 error, 1 left on base; Calgary 2 - Miami Beach 4 |
BOTTOM OF THE 8TH |
Miami Beach Marlins batting - Pitching for Calgary Flames : RHP Russell MacKay
|
Batting: RHB Jordan Arcidez
|
0-0: Ball 1-0: Ball 2-0: Called Strike 2-1: Foul Ball, location: 2F 2-2: Foul Ball, location: 2F 2-2: Ball 3-2: Fly out, F7 (Flyball, 7D, EV 87.5 MPH)
|
Batting: RHB Scott Talbot
|
0-0: Called Strike 0-1: Ball 1-1: Ball 2-1: Called Strike 2-2: Ball 3-2: Foul Ball, location: 2F 3-2: Fly out, F8 (Line Drive, 8RD, EV 101.9 MPH)
|
Pitching: LHP Manny Santiago
|
|
Batting: RHB Reomel Somera
|
0-0: Ball 1-0: Ground out 3-1 (Groundball, 34S, EV 83.1 MPH)
|
Bottom of the 8th over - 0 runs, 0 hits, 0 errors, 0 left on base; Calgary 2 - Miami Beach 4 |
TOP OF THE 9TH |
Calgary Flames batting - Pitching for Miami Beach Marlins : RHP Jamie Rappoport
|
Pitching: LHP Doug Whitling
|
|
Batting: SHB Erick Hamburger
|
0-0: Ball 1-0: Called Strike 1-1: Swinging Strike 1-2: Ball 2-2: Ball 3-2: Base on Balls
|
Pinch Hitting: LHB Dean Luttman
|
0-0: Ball 1-0: Foul Ball, location: 2F 1-1: Fielders Choice at 2nd, U6 (Groundball, 4M, EV 81.2 MPH)
|
Pinch Hitting: RHB Jon Groseclose
|
0-0: 2-RUN HOME RUN (Flyball, 78XD, EV 106.2 MPH), Distance : 432 ft
|
Batting: RHB Alex Collazo
|
0-0: Ball 1-0: Ball 2-0: Fly out, F8 (Flyball, 8LXD, EV 88.8 MPH)
|
Batting: RHB Yuusei Narita
|
0-0: Called Strike 0-1: Swinging Strike 0-2: Foul Ball, location: 2F 0-2: Foul Ball, location: 2F 0-2: Ball 1-2: Strikes out swinging
|
Top of the 9th over - 2 runs, 1 hit, 0 errors, 0 left on base; Calgary 4 - Miami Beach 4 |
BOTTOM OF THE 9TH |
Miami Beach Marlins batting - Pitching for Calgary Flames : LHP Manny Santiago
|
Pitching: RHP Sam Barbuto
|
|
Now at 2B: Jon Groseclose
|
|
Now in CF: Dean Luttman
|
|
Batting: RHB Alberto Bravo
|
0-0: Swinging Strike 0-1: Called Strike 0-2: Foul Ball, location: 2F 0-2: Foul Ball, location: 2F 0-2: Strikes out swinging
|
Batting: RHB David Martin
|
0-0: Called Strike 0-1: Swinging Strike 0-2: Foul Ball, location: 2F 0-2: Ball 1-2: Ball 2-2: Ball 3-2: Ground out 1-3 (Groundball, 13S, EV 70.0 MPH)
|
Batting: RHB Clark Meagher
|
0-0: Ball 1-0: Called Strike 1-1: Foul Ball, location: 2F 1-2: Ball 2-2: Ball 3-2: Base on Balls
|
Batting: RHB Manny Gonzalez
|
0-0: Foul Ball, location: 2F 0-1: Ball 1-1: Ball 2-1: Foul Ball, location: 2F 2-2: Fielders Choice at 2nd, 5-4 (Groundball, 5, EV 95.0 MPH)
|
Bottom of the 9th over - 0 runs, 0 hits, 0 errors, 1 left on base; Calgary 4 - Miami Beach 4 |
TOP OF THE 10TH |
Calgary Flames batting - Pitching for Miami Beach Marlins : LHP Doug Whitling
|
Batting: RHB Kevin Davis
|
0-0: Ball 1-0: Ball 2-0: Foul Ball, location: 2F 2-1: Ground out U3 (Groundball, 34, EV 83.1 MPH)
|
Batting: RHB Mike MacLeod
|
0-0: Ball 1-0: Ball 2-0: Ball 3-0: Called Strike 3-1: SINGLE (Line Drive, 4D, EV 99.4 MPH)
|
Batting: RHB Victor Contreras
|
0-0: Ball 1-0: 2-RUN HOME RUN (Flyball, 7D, EV 99.4 MPH), Distance : 385 ft
|
Pitching: LHP Hideo Komatsu
|
|
Pinch Hitting: RHB Ricardo Ortiz
|
0-0: Ground out 6-3 (Groundball, 6, EV 83.8 MPH)
|
Batting: SHB Erick Hamburger
|
0-0: Ball 1-0: Ball 2-0: Swinging Strike 2-1: Bunted foul 2-2: Strikes out swinging
|
Top of the 10th over - 2 runs, 2 hits, 0 errors, 0 left on base; Calgary 6 - Miami Beach 4 |
BOTTOM OF THE 10TH |
Miami Beach Marlins batting - Pitching for Calgary Flames : RHP Sam Barbuto
|
Now at C: Rod Johnson
|
|
Now at 1B: Ricardo Ortiz
|
|
Batting: RHB Melvin Nava
|
0-0: Ground out 4-3 (Groundball, 4, EV 96.2 MPH)
|
Pinch Hitting: RHB Mario Cota
|
0-0: Called Strike 0-1: Foul Ball, location: 2F 0-2: Ball 1-2: Strikes out looking
|
Batting: RHB Jordan Arcidez
|
0-0: Ball 1-0: Foul Ball, location: 2F 1-1: Ball 2-1: Ball 3-1: Called Strike 3-2: Fly out, F2 (Popup, 3SF, EV 78.8 MPH)
|
Bottom of the 10th over - 0 runs, 0 hits, 0 errors, 0 left on base; Calgary 6 - Miami Beach 4 |
|